 Dungeon Crawl Stone Soup version 0.20.1-1-g8b1a95d (webtiles) character file.

136 Mesmaeker13 the Grave Robber (level 4, -10/30 HPs)
             Began as a Mummy Necromancer on Aug 12, 2017.
             Killed from afar by Ijyb (15 damage)
             ... with a wand of lightning (?/15)
             ... on level 3 of the Dungeon.
             The game lasted 00:04:52 (2105 turns).

Mesmaeker13 the Grave Robber (Mummy Necromancer)    Turns: 2105, Time: 00:04:53

Health: -10/30     AC:  3    Str: 11    XL:     4   Next: 98%
Magic:  3/10       EV: 12    Int: 15    God:
Gold:   125        SH:  0    Dex: 12    Spells: 9/11 levels left

rFire    x . .     SeeInvis .   f - +0 dagger (drain)
rCold    + . .     Gourm    .   (no shield)
rNeg     + + +     Faith    .   a - +0 robe
rPois    ∞         Spirit   .   (no helmet)
rElec    .         Reflect  .   o - +0 cloak
rCorr    .         Harm     .   (no gloves)
MR       .....                  (no boots)
Stlth    ++........             (no amulet)
Regen    0.1/turn               (no ring)
MPRegen  0.2/turn               (no ring)

@: very slightly contaminated
A: no food or potions, fire vulnerability, cold resistance 1, negative energy
resistance 3, torment resistance, unbreathing
a: no special abilities


You were on level 3 of the Dungeon.
You were not hungry.

You visited 1 branch of the dungeon, and saw 3 of its levels.

You collected 125 gold pieces.

Inventory:

Hand Weapons
 f - a +0 dagger of draining (weapon)
Missiles
 n - 4 needles of sleeping
Armour
 a - a +0 robe (worn)
 l - a +2 shield
 o - a +0 cloak (worn)
Wands
 h - a wand of iceblast (10/15)
Scrolls
 c - a scroll of amnesia {unknown}
 d - a scroll of fear {unknown}
 e - a scroll of teleportation
 g - a scroll of blinking {unknown}
 i - a scroll of fog {unknown}
 j - a scroll of immolation {unknown}
 k - a scroll of enchant armour {unknown}
 m - a scroll of identify {unknown}
Books
 b - a book of Necromancy

   Spells                             Type                      Level
   a - Pain                           Necromancy                   1
   b - Animate Skeleton               Necromancy                   1
   c - Vampiric Draining              Necromancy                   3
   d - Regeneration                   Charms/Necromancy            3
   e - Animate Dead                   Necromancy                   4
   f - Control Undead                 Necromancy                   4


   Skills:
 + Level 2.5 Dodging
 - Level 1.5 Stealth
 + Level 4.4 Spellcasting
 + Level 4.9 Necromancy


You had 9 spell levels left.
You knew the following spells:

 Your Spells              Type           Power        Failure   Level  Hunger
a - Pain                  Necr           ###.         2%          1    N/A
b - Animate Skeleton      Necr           N/A          2%          1    N/A

Dungeon Overview and Level Annotations

Branches:
Dungeon (3/15)

Altars:
Qazlal

Annotations:
D:3 Ijyb


Innate Abilities, Weirdness & Mutations

You do not eat or drink.
Your flesh is vulnerable to fire.
You are immune to poison.
Your flesh is cold resistant. (rC+)
You are immune to negative energy. (rN+++)
You are immune to unholy pain and torment.
You can survive without breathing.


Message History

Ijyb writhes in agony!
Ijyb hits you with a dagger.
Your frilled lizard skeleton completely misses Ijyb.
Casting: Pain
Confirm with . or Enter, or press ? or * to list all spells.
Aiming: Pain
Press: ? - help, Shift-Dir - straight line, f/p - Ijyb
Aim: Ijyb, wielding a dagger, wearing a leather armour and carrying a wand of lightning (?/15) {zapped: 1} (moderately wounded, chance to defeat MR: 84%) Ijyb writhes in agony!
Ijyb hits you with a dagger.
* * * LOW HITPOINT WARNING * * *
Your frilled lizard skeleton barely misses Ijyb.
Casting: Pain
Confirm with . or Enter, or press ? or * to list all spells.
Aiming: Pain
Press: ? - help, Shift-Dir - straight line, f/p - Ijyb
Aim: Ijyb, wielding a dagger, wearing a leather armour and carrying a wand of lightning (?/15) {zapped: 1} (heavily wounded, chance to defeat MR: 84%) Ijyb barely resists.
Ijyb hits you with a dagger.
* * * LOW HITPOINT WARNING * * *
Ijyb zaps a wand.
The bolt of lightning hits you!
Ouch! That really hurt!
You die...

######
#..!ZZ....(....###.###..#
# #.##[####......#
#..Z...# ###
#.#<..........)###.####.#
..# #!#..##.##.##......#
#.# #.##
##########.##.##.### #>#
#..# #.##.##.# #.# ...#
#.##.##.# #.# #..# §
###.##.##.# #.# #Z.#§§§§
#@.Z##.##># #.# ...######
###g#...#.# #.# #......_#
#.........# ...######
#g#.#...### #..#§§§§§
#.#.##.## #.##§§§§§ #
..##.# #.. §§§§§ ... #
### §§§§ #.# #.#


You could see Ijyb and a friendly frilled lizard skeleton.

Vanquished Creatures
  Jessica (D:2)
  Natasha (twice) (D:2 D:1)
  An adder (D:3)
  3 dart slugs
  A leopard gecko (D:1)
  An orc (D:3)
  3 giant cockroaches (D:1)
  6 hobgoblins
  6 kobolds
  A quokka (D:2)
  5 bats
  3 frilled lizards
  6 goblins
  4 rats
43 creatures vanquished.

Vanquished Creatures (collateral kills)
  A worm (D:2)
1 creature vanquished.

Grand Total: 44 creatures vanquished

Notes
Turn   | Place    | Note
-------+----------+-------------------------------------------
     0 | D:1      | Mesmaeker13 the Mummy Necromancer began the quest for the Orb.
     0 | D:1      | Reached XP level 1. HP: 13/13 MP: 4/4
   158 | D:1      | Reached XP level 2. HP: 19/19 MP: 1/6
   809 | D:2      | Reached XP level 3. HP: 18/24 MP: 8/8
   823 | D:2      | Learned a level 1 spell: Animate Skeleton
   894 | D:2      | Noticed Natasha
   949 | D:2      | Killed Natasha
  1128 | D:2      | Noticed Jessica
  1135 | D:2      | Noticed Natasha
  1145 | D:1      | Killed Natasha
  1145 | D:1      | Reached XP level 4. HP: 15/30 MP: 5/10
  1399 | D:2      | Killed Jessica
  1985 | D:3      | Found a stormy altar of Qazlal.
  2094 | D:3      | Noticed Ijyb
  2105 | D:3      | Killed from afar by Ijyb

Skill      XL: |  1  2  3 |
---------------+----------+-----
Spellcasting   | 3 4 |  4.4
Dodging        | 2 |  2.5
Stealth        | |  1.5
Necromancy     | |  4.9

Action                   |  1- 3 |  4- 6 || total
-------------------------+-------+-------++-------
Melee: Short sword       |    17 |       ||    17
       Dagger            |    17 |    28 ||    45
 Cast: Pain              |    43 |    13 ||    56
       Animate Skeleton  |       |     5 ||     5
  Use: Scroll            |       |     1 ||     1
 Stab: Sleeping          |       |     2 ||     2
Armor: Robe              |     7 |     7 ||    14
Dodge: Dodged            |    48 |    12 ||    60
